 Dungeon Crawl Stone Soup version 0.31-a0-152-g6aa68a64a1 (webtiles) character file.

Game seed: 15123146141296518547

215 qw the Shooter (level 5, -4/49 HPs)
             Began as a Naga Hunter on June 9, 2023.
             Was an Initiate of Okawaru.
             Slain by a yak (8 damage)
             ... on level 5 of the Dungeon.
             The game lasted 00:01:03 (2530 turns).

qw the Shooter (Naga Hunter)                        Turns: 2530, Time: 00:01:03

Health: -4/49      AC:  4    Str: 13    XL:     5   Next: 92%
Magic:  5/5        EV:  9    Int: 10    God:    Okawaru [......]
Gold:   175        SH:  0    Dex: 16    Spells: 4/4 levels left

rFire   . . .        Y - +1 shortbow
rCold   . . .        (shield currently unavailable)
rNeg    . . .        c - +0 leather armour
rPois   +            (no helmet)
rElec   .            j - +0 cloak
rCorr   .            (no gloves)
SInv    +            (no barding)
Will    .....        (no amulet)
Stlth   ++           (no ring)
HPRegen 0.28/turn    (no ring)
MPRegen 0.09/turn

%: no passive effects
@: short of breath, very slow
A: AC +1, large, see invisible, deformed body, poison resistance, slowness 2,
spit poison 1, naga tail 1
a: Spit Poison, Renounce Religion


You were on level 5 of the Dungeon.
You worshipped Okawaru.
Okawaru was noncommittal.
You visited 1 branch of the dungeon, and saw 5 of its levels.

You collected 175 gold pieces.


Innate Abilities, Weirdness & Mutations

Your serpentine skin is tough. (AC +1)
You have supernaturally acute eyesight. (SInv)
Armour fits poorly on your strangely shaped body.
Your system is resistant to poisons. (rPois)
You cover ground very slowly.
You can spit poison.
You have a snake-like lower body.


   Skills:
 - Level 3.4 Fighting
 + Level 5.7 Ranged Weapons
 - Level 1.5 Dodging
 - Level 1.5 Stealth


You had 4 spell levels left.
You didn't know any spells.
Your spell library was empty.

Inventory:

Hand Weapons
 Y - a +1 shortbow (weapon)
Armour
 c - a +0 leather armour (worn)
 j - a +0 cloak (worn)
Scrolls
 b - a scroll of identify
Potions
 h - a potion of might {unknown}
 i - a potion of curing {unknown}

Dungeon Overview and Level Annotations

Branches:
Dungeon (5/15)
 Temple: D:4-7

Altars:
Okawaru


Message History

The yak bellows!
The arrow hits the yak but does no damage.
The yak is lightly wounded.
You shoot an arrow. The arrow hits the yak.
The yak is moderately wounded.
The yak gores you!
You shoot an arrow. The arrow hits the yak.
The yak is moderately wounded.
You have got your breath back.
The yak gores you.
2523 ||| INVOKING Spit Poison.
Aiming: Spit Poison (1% risk of failure)
Press: ? - help, Shift-Dir - straight line, f/p - yak The splash of poison misses the yak.
The yak looks more healthy.
The yak gores you!
You shoot an arrow. The arrow hits the yak.
The yak is moderately wounded.
The yak gores you! The yak gores you.
2525 ||| DRINKING potion of heal wounds.
You feel much better.
You have got your breath back.
The yak gores you but does no damage.
2526 ||| INVOKING Spit Poison.
Aiming: Spit Poison (1% risk of failure)
Press: ? - help, Shift-Dir - straight line, f/p - yak The splash of poison hits the yak.
The yak is poisoned.
The yak is heavily wounded.
You shoot an arrow. The arrow hits the yak.
The yak is heavily wounded.
The yak misses you. The yak gores you.
You shoot an arrow.
The arrow hits the yak but does no damage.
The yak is heavily wounded.
The yak barely misses you. The yak gores you!
You shoot an arrow. The arrow barely misses the yak.
The yak gores you! The yak gores you.
You shoot an arrow. The arrow hits the yak!
The yak is severely wounded.
The yak completely misses you. The yak gores you!
You die...

# .. .## #. #.#
##.#.... #.
#..###....... #.
#.#.#...#... #.
#.##.#..#..# #Y
#.##.#..#.<#
#Y##.##.#..#..##
.#Y@........#...####
#....................
######.##.#.##.#.#!..
#....#....%..%..
###..###.>#..... #..#
#..#.#### #..# #..# #
#..# #..# #..# #...


You could see 3 yaks.

Vanquished Creatures
  A scorpion (D:5)
  2 orc wizards (D:3)
  An adder (D:2)
  An ufetubus (D:5)
  2 worms (D:2)
  2 dart slugs
  8 orcs (D:3)
  6 ball pythons
  3 endoplasms
  8 giant cockroaches
  8 goblins
  8 hobgoblins
  4 jackals (D:5)
  A quokka (D:2)
  3 bats
  4 frilled lizards (D:1)
  8 kobolds
  5 rats
75 creatures vanquished.

Notes
Turn   | Place    | Note
-------+----------+-------------------------------------------
     0 | D:1      | qw the Naga Hunter began the quest for the Orb.
     0 | D:1      | Reached XP level 1. HP: 19/19 MP: 1/1
     0 | D:1      | 0 ||| qw: Version: 0.2-a-122-gbc61b45
     0 | D:1      | 0 ||| qw: Game counter: 3376
     0 | D:1      | 0 ||| qw: Always use a shield: true
     0 | D:1      | 0 ||| qw: God list: Okawaru
     0 | D:1      | 0 ||| qw: Allow faded altars: false
     0 | D:1      | 0 ||| qw: Do Orc after D:15 true
     0 | D:1      | 0 ||| qw: Do second Lair branch before Depths: true
     0 | D:1      | 0 ||| qw: Lair rune preference: random
     0 | D:1      | 0 ||| qw: Plans: Normal
     0 | D:1      | 0 ||| PLANNING D:1-11
    22 | D:1      | 22 ||| INVOKING Spit Poison.
    34 | D:1      | 34 ||| INVOKING Spit Poison.
    98 | D:1      | 98 ||| INVOKING Spit Poison.
   108 | D:1      | 108 ||| INVOKING Spit Poison.
   109 | D:1      | Reached skill level 4 in Ranged Weapons
   109 | D:1      | Reached XP level 2. HP: 26/26 MP: 2/2
   139 | D:1      | 139 ||| INVOKING Spit Poison.
   178 | D:1      | 178 ||| INVOKING Spit Poison.
   206 | D:1      | 206 ||| INVOKING Spit Poison.
   253 | D:1      | 253 ||| INVOKING Spit Poison.
   257 | D:1      | 257 ||| INVOKING Spit Poison.
   330 | D:1      | 330 ||| INVOKING Spit Poison.
   335 | D:1      | 335 ||| INVOKING Spit Poison.
   338 | D:1      | 338 ||| INVOKING Spit Poison.
   369 | D:1      | 369 ||| INVOKING Spit Poison.
   373 | D:1      | 373 ||| INVOKING Spit Poison.
   384 | D:1      | 384 ||| INVOKING Spit Poison.
   390 | D:1      | Reached XP level 3. HP: 32/32 MP: 3/3
   534 | D:1      | 534 ||| INVOKING Spit Poison.
   538 | D:1      | 538 ||| INVOKING Spit Poison.
   555 | D:1      | 555 ||| INVOKING Spit Poison.
   573 | D:1      | 573 ||| INVOKING Spit Poison.
   589 | D:1      | 589 ||| READING scroll labelled REYGREPTOI.
   590 | D:1      | 590 ||| DROPPING scroll of butterflies.
   684 | D:2      | 684 ||| INVOKING Spit Poison.
   687 | D:2      | 687 ||| INVOKING Spit Poison.
   690 | D:2      | HP: 7/32 [worm (5)]
   692 | D:2      | 692 ||| INVOKING Spit Poison.
   801 | D:2      | 801 ||| INVOKING Spit Poison.
   806 | D:2      | 806 ||| INVOKING Spit Poison.
   809 | D:2      | 809 ||| INVOKING Spit Poison.
   845 | D:2      | 845 ||| INVOKING Spit Poison.
  1013 | D:2      | 1013 ||| INVOKING Spit Poison.
  1043 | D:2      | 1043 ||| INVOKING Spit Poison.
  1057 | D:2      | 1057 ||| INVOKING Spit Poison.
  1060 | D:2      | 1060 ||| INVOKING Spit Poison.
  1061 | D:2      | Reached skill level 5 in Ranged Weapons
  1074 | D:2      | 1074 ||| INVOKING Spit Poison.
  1078 | D:2      | Reached XP level 4. HP: 35/39 MP: 4/4
  1098 | D:2      | 1098 ||| INVOKING Spit Poison.
  1112 | D:2      | 1112 ||| INVOKING Spit Poison.
  1209 | D:2      | 1209 ||| INVOKING Spit Poison.
  1221 | D:2      | Found an iron altar of Okawaru.
  1222 | D:2      | 1222 ||| PLANNING OKAWARU WORSHIP
  1222 | D:2      | 1222 ||| READING scroll labelled DIRID HOHURY.
  1223 | D:2      | 1223 ||| READING scroll labelled TOC YK VARAME.
  1224 | D:2      | 1224 ||| READING scroll labelled UCOWAE SUKA.
  1225 | D:2      | 1225 ||| READING scroll labelled UPUAD UBRI YHOA.
  1226 | D:2      | 1226 ||| READING scroll labelled JISOVAORUC.
  1229 | D:2      | Found a faded altar of an unknown god.
  1230 | D:2      | 1230 ||| READING scroll labelled QOPYVVUGUH.
  1278 | D:2      | Became a worshipper of Warmaster Okawaru
  1278 | D:2      | 1278 ||| PLANNING D:1-11
  1329 | D:2      | 1329 ||| INVOKING Spit Poison.
  1334 | D:2      | 1334 ||| INVOKING Spit Poison.
  1389 | D:2      | 1389 ||| INVOKING Spit Poison.
  1570 | D:2      | 1570 ||| INVOKING Spit Poison.
  1722 | D:3      | 1722 ||| INVOKING Spit Poison.
  1728 | D:3      | 1728 ||| INVOKING Spit Poison.
  1754 | D:3      | 1754 ||| Stepping ~*~*~tactically~*~*~ (outnumbered).
  1758 | D:3      | 1758 ||| INVOKING Spit Poison.
  1767 | D:3      | 1767 ||| INVOKING Spit Poison.
  1786 | D:3      | 1786 ||| INVOKING Spit Poison.
  1814 | D:3      | 1814 ||| INVOKING Spit Poison.
  1817 | D:3      | 1817 ||| INVOKING Spit Poison.
  1818 | D:3      | Reached skill level 3 in Fighting
  1818 | D:3      | Reached XP level 5. HP: 43/49 MP: 5/5
  1818 | D:3      | 1818 ||| FLEEEEING.
  1819 | D:3      | 1819 ||| FLEEEEING.
  1820 | D:3      | 1820 ||| FLEEEEING.
  1821 | D:3      | 1821 ||| FLEEEEING.
  1822 | D:3      | 1822 ||| FLEEEEING.
  1823 | D:3      | 1823 ||| INVOKING Spit Poison.
  1841 | D:3      | 1841 ||| INVOKING Spit Poison.
  1862 | D:3      | 1862 ||| INVOKING Spit Poison.
  1867 | D:3      | 1867 ||| INVOKING Spit Poison.
  1870 | D:3      | 1870 ||| INVOKING Spit Poison.
  1876 | D:3      | 1876 ||| INVOKING Spit Poison.
  1983 | D:3      | 1983 ||| INVOKING Spit Poison.
  1989 | D:3      | 1989 ||| INVOKING Spit Poison.
  1994 | D:3      | 1994 ||| INVOKING Spit Poison.
  2072 | D:3      | 2072 ||| INVOKING Spit Poison.
  2086 | D:3      | 2086 ||| INVOKING Spit Poison.
  2219 | D:3      | 2219 ||| INVOKING Spit Poison.
  2420 | D:3      | 2420 ||| UPGRADING to +0 cloak.
  2425 | D:3      | 2425 ||| DRINKING 2 cyan potions.
  2426 | D:3      | 2426 ||| READING 5 scrolls of identify.
  2426 | D:3      | 2426 ||| IDENTIFYING murky cyan potion
  2427 | D:3      | 2427 ||| READING 4 scrolls of identify.
  2427 | D:3      | 2427 ||| IDENTIFYING lumpy cyan potion
  2428 | D:3      | 2428 ||| READING 3 scrolls of identify.
  2428 | D:3      | 2428 ||| IDENTIFYING bubbling pink potion
  2429 | D:3      | 2429 ||| READING 2 scrolls of identify.
  2429 | D:3      | 2429 ||| IDENTIFYING amethyst potion
  2430 | D:3      | 2430 ||| DROPPING potion of degeneration.
  2431 | D:3      | 2431 ||| DROPPING potion of lignification.
  2432 | D:3      | 2432 ||| DROPPING potion of attraction.
  2433 | D:3      | 2433 ||| DROPPING potion of invisibility.
  2456 | D:4      | 2456 ||| INVOKING Spit Poison.
  2477 | D:4      | You fall into a shaft and drop 1 floor!
  2477 | D:5      | Entered Level 5 of the Dungeon
  2478 | D:5      | 2478 ||| PLANNING OSSUARY
  2479 | D:5      | 2479 ||| INVOKING Spit Poison.
  2484 | D:5      | 2484 ||| INVOKING Spit Poison.
  2487 | D:5      | 2487 ||| INVOKING Spit Poison.
  2492 | D:5      | 2492 ||| INVOKING Spit Poison.
  2495 | D:5      | 2495 ||| INVOKING Spit Poison.
  2515 | D:5      | Noticed a yak
  2515 | D:5      | Noticed a yak
  2518 | D:5      | 2518 ||| INVOKING Spit Poison.
  2519 | D:5      | Noticed a yak
  2523 | D:5      | 2523 ||| INVOKING Spit Poison.
  2524 | D:5      | HP: 10/49 [yak (9)]
  2525 | D:5      | 2525 ||| DRINKING potion of heal wounds.
  2526 | D:5      | 2526 ||| INVOKING Spit Poison.
  2529 | D:5      | HP: 10/49 [yak (14)]
  2529 | D:5      | HP: 4/49 [yak (6)]
  2530 | D:5      | Slain by a yak

Levels and vault maps discovered:
D:1:      reono_arrival_mine, layout_basic, minmay_misc_feat_room
D:2:      layout_basic, basic_altar, shapermc_ecumenical_altar_acropolis
D:3:      layout_rooms, serial_forest, infiniplex_forest_end_2,
          infiniplex_forest_end_1, infiniplex_forest_end_double,
          infiniplex_forest_straight_2, infiniplex_forest_lined_room_3,
          infiniplex_forest_lined_2, infiniplex_forest_clump_tiny,
          infiniplex_forest_end_3
D:4:      layout_loops_corners, uniq_ijyb
D:5:      layout_loops_ring, nicolae_ossuary_entry_false_entrances

Skill      XL: |  1  2  3  4 |
---------------+-------------+-----
Ranged Weapons | 4 5 |  5.7
Fighting       | 3 |  3.4
Dodging        | |  1.5
Stealth        | |  1.5

Action                     |  1- 3 |  4- 6 || total
---------------------------+-------+-------++-------
   Fire: Shortbow          |    74 |    86 ||   160
Ability: Spit Poison       |    31 |    35 ||    66
    Use: Scroll            |     1 |    10 ||    11
         Potion            |       |     2 ||     2
 Armour: Leather armour    |     3 |    18 ||    21
  Dodge: Dodged            |    14 |    30 ||    44

Table legend:
 A = Non-vault XP
 B = Vault XP
 C = Vault XP percentage of total XP
 D = Non-vault monster count
 E = Vault monster count
 F = Vault count percentage of total count
                 A         B        C        D         E       F
            +---------+---------+-------+---------+---------+-------
      Total |     308 |       0 |   0.0 |      75 |       0 |   0.0
            +---------+---------+-------+---------+---------+-------
        D:1 |      41 |       0 |   0.0 |      25 |       0 |   0.0
        D:2 |      56 |       0 |   0.0 |      20 |       0 |   0.0
        D:3 |     114 |       0 |   0.0 |      23 |       0 |   0.0
        D:4 |       2 |       0 |   0.0 |       1 |       0 |   0.0
        D:5 |      95 |       0 |   0.0 |       6 |       0 |   0.0
            +---------+---------+-------+---------+---------+-------
